 Dungeon Crawl Stone Soup version 0.27-a0-1105-g946c659c87 (webtiles) character file.

Game seed: 6217638717697551011

12 DogServant the Insei (level 2, 22/22 HPs)
             Began as a Djinni Transmuter on Apr 29, 2021.
             Quit the game on level 2 of the Dungeon.
             The game lasted 00:01:53 (1865 turns).

DogServant the Insei (Djinni Transmuter)            Turns: 1865, Time: 00:01:54

Health: 22/22      AC:  5    Str:  9    XL:     2   Next: 33%
Gold:   40         EV: 12    Int: 14    God:
                   SH:  0    Dex: 13

rFire    + + .     SeeInvis .     - Unarmed
rCold    x . .     Faith    .   (no shield)
rNeg     . . .     Spirit   .   a - +0 robe
rPois    ∞         Reflect  .   (no helmet)
rElec    .         Harm     .   (no cloak)
rCorr    .         Rampage  .   e - +2 pair of gloves
Will     .....                  (boots unavailable)
Stlth    +.........             (no amulet)
HPRegen  0.07/turn              (no ring)
MPRegen  0.00/turn              (no ring)

@: flying
A: fire resistance 2, cold vulnerability 1, float, innate caster, hp casting,
extra vitality 1
a: no special abilities


You were on level 2 of the Dungeon.
You visited 1 branch of the dungeon, and saw 2 of its levels.

You collected 40 gold pieces.

Inventory:

Armour
 a - a +0 robe (worn)
 e - a +2 pair of gloves (worn)
Jewellery
 h - an amulet of reflection
Scrolls
 g - a scroll of noise {unknown}
Potions
 b - a potion of berserk rage {unknown}
 c - a potion of lignification {unknown}
 d - 2 potions of attraction {unknown}
 f - a potion of heal wounds {unknown}


   Skills:
 - Level 1.0 Fighting
 - Level 2.1 Dodging
 + Level 3.3 Unarmed Combat
 + Level 2.1 Spellcasting


You couldn't memorise any spells.
You knew the following spells:

 Your Spells              Type           Power      Damage    Failure   Level
a - Beastly Appendage     Tmut           14%        N/A       10%         1
b - Wereblood             Tmut           7%         N/A       14%         2
c - Spider Form           Tmut/Pois      3%         N/A       28%         3
d - Ice Form              Ice/Tmut       7%         N/A       67%         4
e - Hydra Form            Tmut           3%         N/A       95%         5
Your spell library was empty.

Dungeon Overview and Level Annotations

Branches:
Dungeon (2/15)

Altars:


Innate Abilities, Weirdness & Mutations

You are immune to poison.
Your flesh is very heat resistant. (rF++)
You are vulnerable to cold. (rC-)
You float through the air rather than walking.
You learn spells naturally, not from books.
Your magical power is your life essence.
You have superior vitality. (+4 HP)


Message History

Found a papyrus book.
There is a stone staircase leading up here.
A goblin comes into view. It is wielding a +0 dagger.
A goblin is nearby!
A goblin is nearby!
The goblin shouts!
Found 7 stones.
Casting: Beastly Appendage (safe; 10% risk of failure)
Confirm with . or Enter, or press ? or * to list all spells.
You grow a pair of large bovine horns.
The goblin hits you but does no damage.
You hit the goblin.
The goblin is heavily wounded.
The goblin hits you but does no damage.
You barely miss the goblin. Your headbutt misses the goblin.
The goblin is heavily wounded.
You closely miss the goblin.
The goblin is heavily wounded.
The goblin hits you with a +0 dagger.
You barely miss the goblin.
The goblin is heavily wounded.
The goblin hits you but does no damage.
You closely miss the goblin. You punch the goblin, but do no damage.
The goblin is heavily wounded.
The goblin misses you.
You hit the goblin.
You kill the goblin!
No target in view!
No target in view!
Your transformation is almost over.
Your horns disappear.
HP restored.
Things that are here:
a +0 dagger; a goblin corpse
h - an amulet of reflection A jelly comes into view.
The jelly quivers.
A jelly is nearby!
Unknown command.
Unknown command.
Are you sure you want to abandon this character and quit the game? (Confirm with "yes".)

#..<...#
#......#
#........
#.#.#..#
#........
#....#..##
#........
######...#
#........
........#.#
#........
#########.#
#........
##.###........
#.....@.....J.
#.............
#......##.####
#......# #
#.......#
#.......#
#.......#
#.......#


You could see a jelly.

Vanquished Creatures
  3 endoplasms (D:1)
  A goblin (D:2)
  2 quokkas (D:1)
  2 ball pythons (D:1)
  A bat (D:1)
  A frilled lizard (D:1)
  A kobold (D:1)
  A rat (D:1)
12 creatures vanquished.

Notes
Turn   | Place    | Note
-------+----------+-------------------------------------------
     0 | D:1      | DogServant the Djinni Transmuter began the quest for the
                  | Orb.
     0 | D:1      | Reached XP level 1. HP: 17/17 MP: 0/0
   824 | D:1      | Reached XP level 2. HP: 20/22 MP: 0/0
  1865 | D:2      | Quit the game

Illustrated notes

Levels and vault maps discovered:
D:1:      saegor_arrival_simple_d, layout_basic
D:2:      cheibrodos_pilgrimage, layout_basic, corexii_shack,
          chequers_serial_rivers_small_a

Skill      XL: |  1 |
---------------+----+-----
Spellcasting   | 2 |  2.1
Fighting       | |  1.0
Dodging        | |  2.1
Unarmed Combat | |  3.3

Action                   || total
-------------------------++-------
Melee: Unarmed           ||    49
       Headbutt          ||     6
       Punch             ||     2
 Cast: Beastly Appendage ||    10
Armor: Robe              ||    12
Dodge: Dodged            ||    19

Table legend: (Time is in decaauts)
 A = Elapsed time spent in this place.
 B = Non-inter-level travel time spent in this place.
 C = Inter-level travel time spent in this place.
 D = Time resting spent in this place.
 E = Time spent auto-exploring this place.
 F = Levels seen in this place.
 G = Mean time per level.
                   A        B        C        D        E       F      G
               +--------+--------+--------+--------+--------+-----+--------+
         Total |   1862 |   1826 |     36 |    312 |   1384 |   2 |  931.0 |
       Dungeon |   1862 |   1826 |     36 |    312 |   1384 |   2 |  931.0 |
               +--------+--------+--------+--------+--------+-----+--------+

Top non-repeatable levels by time:
     D:1: 1790 daAuts
     D:2: 71 daAuts
